 Dungeon Crawl Stone Soup version 0.22.1-2-g9c5b331383 (webtiles) character file.

335 D1HalberdGnoll the Conjurer (level 6, -2/36 HPs)
             Began as a Tengu Conjurer on Nov 14, 2018.
             Slain by a sky beast (6 damage)
             ... on level 5 of the Dungeon.
             The game lasted 00:04:59 (5353 turns).

D1HalberdGnoll the Conjurer (Tengu Conjurer)        Turns: 5353, Time: 00:05:00

Health: -2/36      AC:  4    Str:  8    XL:     6   Next: 53%
Magic:  0/11       EV: 13    Int: 17    God:
Gold:   60         SH:  0    Dex: 15    Spells: 5/11 levels left

rFire    . . .     SeeInvis .   j - +2 whip (holy)
rCold    . . .     Gourm    .   (no shield)
rNeg     . . .     Faith    .   g - +1 leather armour
rPois    .         Spirit   .   (helmet restricted)
rElec    .         Reflect  .   (no cloak)
rCorr    .         Harm     .   (no gloves)
MR       .....                  (boots unavailable)
Stlth    ++........             (no amulet)
HPRegen  0.12/turn              (no ring)
MPRegen  0.12/turn              (no ring)

@: very slightly contaminated
A: beak, talons 3, able to fly 1
a: Fly


You were on level 5 of the Dungeon.
You were not hungry.

You visited 1 branch of the dungeon, and saw 5 of its levels.

You collected 60 gold pieces.

Inventory:

Hand Weapons
 j - a +2 whip of holy wrath (weapon)
Armour
 g - a +1 leather armour (worn)
Wands
 m - a wand of polymorph (5)
Scrolls
 a - 2 scrolls of remove curse
 e - 5 scrolls of identify
 i - a scroll of blinking {unknown}
 k - a scroll of fear
 l - a scroll of magic mapping
 o - a scroll of random uselessness {unknown}
 q - 2 scrolls of enchant armour
 r - a scroll of teleportation {unknown}
Potions
 b - 2 potions of resistance
 d - 4 potions of curing
 f - a potion of cancellation {unknown}
 h - 2 potions of might {unknown}
 n - a potion of degeneration {unknown}
 p - 3 potions of heal wounds {unknown}
Comestibles
 c - 7 rations


   Skills:
 + Level 2.6 Fighting
 + Level 3.7 Dodging
 - Level 2.0 Stealth
 + Level 3.2 Spellcasting
 * Level 7.5 Conjurations


You had 5 spell levels left.
You knew the following spells:

 Your Spells              Type           Power        Failure   Level  Hunger
a - Magic Dart            Conj           ####         1%          1    None
b - Searing Ray           Conj           ####..       1%          2    ##.....
c - Dazzling Spray        Conj/Hex       ###...       16%         3    ###....

Your spell library contained the following spells:

 Spells                   Type           Power        Failure   Level  Hunger
 Iskenderun's Mystic Bla  Conj           ####....     11%         4    ####...
 Force Lance              Conj/Tloc      ###.....     45%         4    ####...
 Fulminant Prism          Conj/Hex       ###.......   45%         4    ####...


Dungeon Overview and Level Annotations

Branches:
Dungeon (5/15)
 Temple: D:4-7

Altars:
Elyvilon
Trog

Shops:
D:5 %


Innate Abilities, Weirdness & Mutations

You have a beak for a mouth.
You have claws for feet.
You can fly.


Message History

Okay, then.
You feel better. Something hits you. Something shocks you.
* * * LOW HITPOINT WARNING * * *
You miss something.
A sky beast appears from thin air!
Reactivating autopickup.
The sky beast hits you.
* * * LOW HITPOINT WARNING * * *
The sky beast shocks you.
* * * LOW HITPOINT WARNING * * *
Casting: Searing Ray (safe; 1% risk of failure)
Confirm with . or Enter, or press ? or * to list all spells.
Aiming: Magic Dart (safe; 1% risk of failure)
Press: ? - help, Shift-Dir - straight line, f - sky beast
Aim: a sky beast (rain, severely wounded)
The magic dart hits the sky beast.
The sky beast is severely wounded.
The sky beast hits you.
* * * LOW HITPOINT WARNING * * *
The sky beast shocks you.
You die...

#. #..^.# ##.#....#.
###### ##.........
#..........
#####..#####.##
#..............
##.###..#####.## .
#...............
....#####..###..###.#..#
#....Y@................
###.####...#.#####....#
#####.# #......# #.#
#.#..... #.# #.######
#.# #.# # #.# #.# # #.#
#.# # #.###.# #


You could see a sky beast.

Vanquished Creatures
  A howler monkey (D:4)
  An orc priest (D:4)
  A hound (D:4)
  A centaur skeleton (D:4)
  Ijyb (D:3)
  A howler monkey skeleton (D:5)
  6 adders
  3 oozes
  A worm (D:3)
  A dart slug (D:2)
  8 leopard geckos
  6 orcs (D:4)
  8 bats
  6 giant cockroaches
  7 goblins
  12 hobgoblins
  9 jackals
  8 kobolds
  2 quokkas
  8 frilled lizards
  8 rats
99 creatures vanquished.

Notes
Turn   | Place    | Note
-------+----------+-------------------------------------------
     0 | D:1      | D1HalberdGnoll the Tengu Conjurer began the quest for the
                  | Orb.
     0 | D:1      | Reached XP level 1. HP: 10/10 MP: 4/4
   182 | D:1      | Reached XP level 2. HP: 16/16 MP: 0/6
   627 | D:1      | Learned a level 2 spell: Searing Ray
   896 | D:1      | Reached XP level 3. HP: 20/20 MP: 4/7
  1080 | D:1      | Reached skill level 1 in Fighting
  1471 | D:2      | Reached skill level 6 in Conjurations
  1738 | D:2      | Reached XP level 4. HP: 25/25 MP: 0/8
  3221 | D:3      | Gained mutation: You can fly. [Tengu growth]
  3221 | D:3      | Reached XP level 5. HP: 30/30 MP: 5/10
  3385 | D:3      | Noticed Ijyb
  3406 | D:3      | Killed Ijyb
  3911 | D:3      | Found a bloodstained altar of Trog.
  3911 | D:3      | Found a white marble altar of Elyvilon.
  4303 | D:4      | Reached skill level 7 in Conjurations
  4505 | D:4      | Reached XP level 6. HP: 36/36 MP: 4/11
  4597 | D:4      | Learned a level 3 spell: Dazzling Spray
  4876 | D:4      | Noticed a steam dragon
  4876 | D:4      | an orc wizard changed into a steam dragon
  4881 | D:5      | Entered Level 5 of the Dungeon
  5272 | D:5      | Found Bojues's Food Shop.
  5338 | D:5      | Noticed a sky beast
  5353 | D:5      | Slain by a sky beast

Skill      XL: |  1  2  3  4  5 |
---------------+----------------+-----
Fighting       | 1 2 |  2.6
Conjurations   | 6 7 |  7.5
Dodging        | 3 |  3.7
Spellcasting   | 3 |  3.2
Stealth        | |  2.0

Action                   |  1- 3 |  4- 6 || total
-------------------------+-------+-------++-------
Melee: Hand axe          |     4 |       ||     4
       Whip              |     2 |    46 ||    48
       Kick              |       |     6 ||     6
       Peck              |       |     3 ||     3
 Cast: Magic Dart        |    74 |   115 ||   189
       Searing Ray       |     1 |     5 ||     6
       Dazzling Spray    |       |     2 ||     2
Evoke: Wand              |       |     1 ||     1
  Use: Scroll            |       |     6 ||     6
       Potion            |       |     1 ||     1
  Eat: Chunk             |     4 |    12 ||    16
Armor: Robe              |     3 |       ||     3
       Leather armour    |     4 |     8 ||    12
       Skin              |       |     8 ||     8
Dodge: Dodged            |    17 |    34 ||    51
